 Dungeon Crawl Stone Soup version 0.31-a0-848-gaac375c287 (webtiles) character file.

Game seed: 18311542533951398645

358 olourkin the Poker (level 6, 0/44 HPs)
             Began as a Demonspawn Gladiator on Oct 4, 2023.
             Succumbed to an orc wizard's poison
             ... on level 4 of the Dungeon.
             The game lasted 00:18:14 (2984 turns).

olourkin the Poker (Demonspawn Gladiator)           Turns: 2984, Time: 00:18:14

Health: 0/44       AC:  9    Str: 15 (16) XL:     6   Next: 37%
Magic:  6/6        EV: 10    Int:  8 (10) God:
Gold:   232        SH:  0    Dex: 13 (14) Spells: 5/5 levels left

rFire   + . .        a - +0 trident
rCold   . . .        (no shield)
rNeg    . . .        A - +1 scale mail {rF+}
rPois   .            v - +0 helmet
rElec   .            (no cloak)
rCorr   .            (no gloves)
SInv    .            o - +0 pair of boots
Will    .....        (no amulet) Stlth
                     g - ring of wizardry
HPRegen 0.27/turn    (no ring)
MPRegen 0.10/turn

%: wizardry (x1)
@: lethally poisoned (0 -> -24)
A: powered by pain 2, spiny 1
a: no special abilities


You were on level 4 of the Dungeon.
You visited 1 branch of the dungeon, and saw 4 of its levels.

You collected 232 gold pieces.

Inventory:

Hand Weapons
 a - a +0 trident (weapon)
 i - a +0 sling
 D - a +1 dagger of venom
Missiles
 d - 3 throwing nets
 e - a javelin
 f - 37 stones
 j - 4 poisoned darts
 m - a boomerang (quivered)
Armour
 b - a +0 leather armour
 c - a +0 helmet
 o - a +0 pair of boots (worn)
 v - a +0 helmet (worn)
 y - a +0 plate armour
 A - a +1 scale mail of fire resistance (worn)
Magical Staves
 l - a staff of cold
 B - a staff of poison
Jewellery
 g - a ring of wizardry (left hand)
Talismans
 u - a beast talisman
Scrolls
 h - a scroll of fear {unknown}
 k - a scroll of identify {unknown}
 n - 4 scrolls of blinking {unknown}
 p - 2 scrolls of revelation {unknown}
 q - a scroll of brand weapon {unknown}
 r - 2 scrolls of teleportation {unknown}
 t - 2 scrolls of poison {unknown}
 z - 2 scrolls of enchant armour {unknown}
Potions
 s - a potion of curing {unknown}
 w - a potion of attraction {unknown}
 x - a potion of heal wounds {unknown}
 C - 2 potions of cancellation {unknown}
 E - a potion of ambrosia {unknown}
 F - a potion of degeneration {!q}


   Skills:
 - Level 2.0 Fighting
 + Level 6.6 Polearms
 - Level 1.8 Throwing
 - Level 2.7 Dodging


You had 5 spell levels left.
You didn't know any spells.
Your spell library contained the following spells:

 Spells                   Type           Power      Damage    Failure   Level
 Apportation              Tloc           0%         N/A       56%         1
 Necrotise                Necr           0%         1d4       56%         1
 Summon Small Mammal      Summ           0%         N/A       56%         1
 Blink                    Tloc           0%         N/A       69%         2
 Lesser Beckoning         Tloc           0%         N/A       69%         2
 Momentum Strike          Conj/Tloc      0%         3d8       69%         2
 Simulacrum               Ice/Necr       0%         N/A       100%        6
 Ozocubu's Refrigeration  Ice            0%         4d7       100%        7
 Polar Vortex             Ice            0%         N/A       100%        9


Dungeon Overview and Level Annotations

Branches:
Dungeon (4/15)
 Temple: D:4-7

Altars:
Ashenzari
Dithmenos
Fedhas
Nemelex Xobeh
Vehumet

Shops:
D:3 [?[(


Innate Abilities, Weirdness & Mutations

You sometimes gain power by taking damage.
You are partially covered in sharp spines.


Message History

You closely miss the orc wizard.
You feel sick. The orc wizard closely misses you.
Something hits you but does no damage.
You are more poisoned.
You're too confused to move!
You feel less confused.
You feel very sick.
The orc wizard is struck by your spines.
The orc wizard hits you but does no damage.
You hear some strange, mumbled words.
Something tries to affect you, but you resist.
You closely miss the orc wizard.
The orc wizard is lightly wounded.
You feel sick.
The orc wizard is struck by your spines.
The orc wizard hits you but does no damage.
Something hits you but does no damage.
You closely miss the orc wizard.
The orc wizard is moderately wounded.
You feel sick.
The orc wizard is struck by your spines.
The orc wizard hits you but does no damage.
Something hits you but does no damage.
You are lethally poisoned!
You barely miss the orc wizard.
The orc wizard is heavily wounded.
* * * LOW HITPOINT WARNING * * *
You feel very sick. The orc wizard misses you.
Something hits you but does no damage.
You are more poisoned.
You barely miss the orc wizard.
The orc wizard is heavily wounded.
* * * LOW HITPOINT WARNING * * *
You feel very sick.
The orc wizard hits you but does no damage.
Something hits you but does no damage.
You are more poisoned.
It was a potion of degeneration.
There was something very wrong with that liquid.
You feel weakened.
You feel dopey.
You feel clumsy.
You die...

#.########...######
#.....# #...#
#.....# #...#
###.....# #...#
#.......#####.##
#.##....#...... #.
#....#.# ...
##.##...o..#
.......@{.##
....(....##
.....#.### .......
##..### #> #


You could see an orc wizard.

Vanquished Creatures
  An ice beast (D:4)
  2 hounds (D:4)
  Terence (D:3)
  Robin (D:2)
  9 adders
  A worm (D:2)
  3 dart slugs
  2 orcs
  4 ball pythons
  11 endoplasms
  4 giant cockroaches
  16 goblins
  5 hobgoblins
  2 jackals (D:2)
  6 quokkas
  A bat (D:1)
  4 frilled lizards
  3 kobolds
  3 rats
79 creatures vanquished.

Notes
Turn   | Place    | Note
-------+----------+-------------------------------------------
     0 | D:1      | olourkin the Demonspawn Gladiator began the quest for the
                  | Orb.
     0 | D:1      | Reached XP level 1. HP: 16/16 MP: 1/1
    54 | D:1      | Found a faded altar of an unknown god.
    89 | D:1      | Reached skill level 3 in Polearms
   110 | D:1      | Gained mutation: You sometimes gain a little power by
                  | taking damage. [demonic ancestry]
   110 | D:1      | Reached XP level 2. HP: 18/22 MP: 2/2
   660 | D:2      | Gained mutation: You sometimes gain power by taking damage.
                  | [demonic ancestry]
   660 | D:2      | Reached XP level 3. HP: 25/27 MP: 3/3
   717 | D:2      | Reached skill level 4 in Polearms
   934 | D:2      | Noticed Robin
  1010 | D:3      | Found Lusmoa's Magic Scroll Shop.
  1026 | D:3      | Found a broken altar of Ashenzari.
  1030 | D:3      | Found Hehonum's Armour Shoppe.
  1030 | D:3      | Noticed an ice beast
  1037 | D:3      | Reached XP level 4. HP: 33/33 MP: 4/4
  1041 | D:3      | Found a blossoming altar of Fedhas.
  1041 | D:3      | Noticed Terence
  1096 | D:2      | Killed Robin
  1442 | D:2      | Found a sparkling altar of Nemelex Xobeh.
  1752 | D:3      | Reached skill level 5 in Polearms
  1816 | D:3      | Found Eminusm's Armour Boutique.
  2010 | D:3      | Found a shadowy altar of Dithmenos.
  2049 | D:3      | Found a radiant altar of Vehumet.
  2078 | D:3      | Killed Terence
  2079 | D:3      | Reached XP level 5. HP: 28/38 MP: 5/5
  2147 | D:3      | Found Umiloik's Weapon Emporium.
  2693 | D:4      | Reached skill level 6 in Polearms
  2775 | D:4      | Noticed an ice beast
  2801 | D:4      | Killed an ice beast
  2802 | D:4      | Gained mutation: You are partially covered in sharp spines.
                  | [demonic ancestry]
  2802 | D:4      | Reached XP level 6. HP: 15/44 MP: 6/6
  2984 | D:4      | Succumbed to an orc wizard's poison

Illustrated notes

Levels and vault maps discovered:
D:1:      dpeg_arrival_orchard, layout_basic,
          shapermc_ecumenical_altar_totnotflames
D:2:      minmay_spotlight, layout_rooms, basic_altar, uniq_robin
D:3:      layout_basic, mainiacjoe_overflow_chevrons,
          grunt_dithmenos_smoke_and_mirrors, grunt_temple_overflow_open,
          serial_shops, nicolae_shop_advertising_works
          [nicolae_subvault_shop_adworks], shop, shop, shop, moated_statue,
          uniq_terence
D:4:      layout_basic

Skill      XL: |  1  2  3  4  5 |
---------------+----------------+-----
Polearms       | 3 4 5 6 |  6.6
Fighting       | |  2.0
Throwing       | |  1.8
Dodging        | |  2.7

Action                     |  1- 3 |  4- 6 || total
---------------------------+-------+-------++-------
  Melee: Trident           |   104 |   171 ||   275
         Punch             |     1 |       ||     1
  Throw: Boomerang         |    18 |    17 ||    35
         Throwing net      |       |     1 ||     1
    Use: Potion            |       |     3 ||     3
   Stab: Distracted        |       |     1 ||     1
         Sleeping          |       |     1 ||     1
 Armour: Leather armour    |    40 |    44 ||    84
         Skin              |       |    14 ||    14
         Scale mail        |       |    55 ||    55
  Dodge: Dodged            |    56 |    72 ||   128

Table legend: (Time is in decaauts)
 A = Elapsed time spent in this place.
 B = Non-inter-level travel time spent in this place.
 C = Inter-level travel time spent in this place.
 D = Time resting spent in this place.
 E = Time spent auto-exploring this place.
 F = Levels seen in this place.
 G = Mean time per level.
                   A        B        C        D        E       F      G
               +--------+--------+--------+--------+--------+-----+--------+
         Total |   2993 |   2870 |    123 |    710 |   1299 |   4 |  748.2 |
       Dungeon |   2993 |   2870 |    123 |    710 |   1299 |   4 |  748.2 |
               +--------+--------+--------+--------+--------+-----+--------+

Top non-repeatable levels by time:
     D:2: 1037 daAuts
     D:3: 679 daAuts
     D:4: 677 daAuts
     D:1: 599 daAuts
